 Dungeon Sprint DCSS version 0.17.2-1-ge4368a0 (webtiles) character file.

2304 mopl the Unseen (level 9, -5/70 HPs)
             Began as a Spriggan Assassin on Aug 22, 2016.
             Was an Elder of Trog.
             Slain by a centaur (6 damage)
             ... in the Dungeon (Sprint III: "The Ten Rune Challenge").
             The game lasted 00:02:16 (557 turns).

mopl the Unseen (Spriggan Assassin)                  Turns: 557, Time: 00:02:16

Health: -5/70      AC:  4    Str: 10    XL:     9   Next: 18%
Magic:  10/10      EV: 17    Int: 13    God:    Trog [****..]
Gold:   39         SH:  0    Dex: 20    Spells: 0 memorised, 8 levels left

rFire  . . .     SeeInvis +     a - +2 dagger
rCold  + . .     Clarity  +     t - +2 robe {rC+}
rNeg   . . .     SustAt   .     (shield restricted)
rPois  .         Gourm    .     (helmet restricted)
rElec  .         Spirit   .     d - +0 cloak
rCorr  .         Warding  .     (gloves unavailable)
rMut   .         NoTele   +     (boots unavailable)
MR     +....                    (no amulet)
Stlth  ..........               (no ring)
                                (no ring)

@: berserking, very quick, somewhat resistant to hostile enchantments, extremely
unstealthy
A: unfitting armour, talons 1, see invisible, berserk 1, clarity, deformed body,
herbivore 3, speed 3, slow metabolism 2, weak 1
a: Berserk, Trog's Hand, Brothers in Arms, Burn Spellbooks, Renounce Religion


You were in the Dungeon.
You worshipped Trog.
Trog was greatly pleased with you.
You were not hungry.

You visited 1 branch You collected 39 gold pieces.

Inventory:

Hand Weapons
 a - a +2 dagger (weapon)
 b - a +0 blowgun
Missiles
 e - 7 poisoned needles
Armour
 d - a +0 cloak (worn)
 t - a +2 robe of cold resistance (worn)
Wands
 c - a wand of slowing (12)
Scrolls
 m - a scroll of blinking
 o - 2 scrolls of holy word {unknown}
 p - 3 scrolls of identify
 q - 2 scrolls of remove curse {unknown}
Potions
 f - a potion of might
 h - a potion of curing
 i - a potion of heal wounds
 j - a potion of haste
 k - 2 potions of magic
 l - 2 potions of berserk rage {!q}
 n - a potion of invisibility {unknown}
 r - 5 potions of cure mutation {!q}
 s - 3 potions of flight
Miscellaneous
 v - a box of beasts
Comestibles
 g - 2 bread rations
 u - a royal jelly


   Skills:
 + Level 5.1 Fighting
 + Level 6.8 Short Blades
 * Level 15.1 Throwing
 - Level 1.5 Dodging
 + Level 16.9 Stealth


You had 8 spell levels left.
You didn't know any spells.

Dungeon Overview and Level Annotations

Branches:
Dungeon (1/1)

Altars:
Cheibriados
Dithmenos
Elyvilon
Fedhas
Gozag
Kikubaaqudgha
Makhleb
Nemelex Xobeh
Okawaru
Qazlal
Ru
Sif Muna
Trog
Vehumet
Xom
Yredelemnul
Zin
The Shining One
Jiyva
Lugonu


Innate Abilities, Weirdness & Mutations

You are tiny and cannot use many weapons and most armour.
You have supernaturally acute eyesight.
You are a herbivore.
You cover ground extremely quickly.
You need consume almost no food.
You have sharp toenails.
You tend to lose your temper in combat.
You possess an exceptional clarity of mind.
Armour fits poorly on your strangely shaped body.
You are weak. (Str -2)


Message History

You hit the centaur warrior but do no damage.
The centaur warrior is almost dead.
You puncture the centaur warrior!
You kill the centaur warrior!
Trog accepts your kill.
You can now call in reinforcements.
Your Fighting skill increases to level 5!
Your Short Blades skill increases to level 6!
Your Throwing skill increases to level 15!
You have reached level 9!
Your experience leads to an increase in your attributes!
Your base attributes are Str 7, Int 13, Dex 19.
Increase (S)trength, (I)ntelligence, or (D)exterity?
You feel agile. The centaur hits you.
* * * LOW HITPOINT WARNING * * *
The centaur barely misses you.
You puncture the centaur!
The centaur is heavily wounded.
The centaur hits you.
You die...

_[#__# .)#._# ###'##
.....# .....# ####'#
_#...#+#############
_#...#..≈≈≈'.#.'...+
_#...#.#≈§≈#.#.#@c.#
_#...'.#§§§#.#.#)c.#
.+...#.#.§§#...#...#
▓▓▓▓▓▓▓▓▓▓▓▓▓▓▓▓▓▓▓#


You could see 2 centaurs.

Vanquished Creatures
  Erica (D)
  A centaur warrior (D)
  A deep elf priest (D)
  A shadow (D)
  A necrophage (D)
  An earth elemental (D)
  A water elemental (D)
  A jelly (D)
  Crazy Yiuf (D)
  A wizard (D)
  A necromancer (D)
  3 humans (D)
  A kobold demonologist (D)
  An ooze (D)
  3 rats (D)
19 creatures vanquished.

Vanquished Creatures (others)
  2 draconian scorchers (D)
  A yaktaur (D)
  2 plants (D)
5 creatures vanquished.

Grand Total: 24 creatures vanquished

Notes
Turn   | Place    | Note
--------------------------------------------------------------
     0 | D        | mopl the Spriggan Assassin began the quest for the Orb.
     0 | D        | Reached XP level 1. HP: 10/10 MP: 2/2
     4 | D        | Reached skill level 3 in Throwing
     4 | D        | Reached skill level 6 in Stealth
    49 | D        | Reached skill level 5 in Throwing
    49 | D        | Reached skill level 7 in Stealth
    49 | D        | Reached XP level 2. HP: 14/14 MP: 3/3
    68 | D        | Noticed a water elemental
    71 | D        | Killed a water elemental
    71 | D        | Reached skill level 7 in Throwing
    71 | D        | Reached skill level 9 in Stealth
    71 | D        | Reached XP level 3. HP: 18/18 MP: 4/4
    71 | D        | Reached XP level 4. HP: 22/22 MP: 5/5
    76 | D        | Noticed Crazy Yiuf
    99 | D        | Killed Crazy Yiuf
    99 | D        | Reached skill level 10 in Stealth
   135 | D        | Gained mutation: You tend to lose your temper in combat. [potion of mutation]
   135 | D        | Gained mutation: You possess an exceptional clarity of mind. [potion of mutation]
   135 | D        | Gained mutation: Armour fits poorly on your strangely shaped body. [potion of mutation]
   136 | D        | Gained mutation: You are weak. (Str -2) [potion of mutation]
   136 | D        | Gained mutation: You have sharp toenails. [potion of mutation]
   156 | D        | Found an iron altar of Okawaru.
   157 | D        | Found a bloodstained altar of Trog.
   157 | D        | Noticed a human
   157 | D        | Noticed a human
   159 | D        | Killed a human
   159 | D        | Reached skill level 10 in Throwing
   159 | D        | Reached skill level 12 in Stealth
   159 | D        | Reached XP level 5. HP: 25/25 MP: 6/6
   160 | D        | Killed a human
   160 | D        | Reached skill level 11 in Throwing
   160 | D        | Reached skill level 13 in Stealth
   160 | D        | Reached XP level 6. HP: 30/30 MP: 7/7
   166 | D        | Became a worshipper of Trog the Wrathful
   174 | D        | Found a radiant altar of Vehumet.
   174 | D        | Found a deep blue altar of Sif Muna.
   174 | D        | Found an ancient bone altar of Kikubaaqudgha.
   174 | D        | Noticed a wizard
   176 | D        | Killed a wizard
   177 | D        | Reached * piety under Trog
   180 | D        | Reached ** piety under Trog
   205 | D        | Found a glowing silver altar of Zin.
   206 | D        | Found a glowing golden altar of the Shining One.
   206 | D        | Found a white marble altar of Elyvilon.
   206 | D        | Noticed a deep elf priest
   208 | D        | Killed a deep elf priest
   208 | D        | Reached skill level 12 in Throwing
   208 | D        | Reached skill level 14 in Stealth
   208 | D        | Reached XP level 7. HP: 33/33 MP: 8/8
   218 | D        | Found a basalt altar of Yredelemnul.
   218 | D        | Found a snail-covered altar of Cheibriados.
   218 | D        | Found a blossoming altar of Fedhas.
   218 | D        | Noticed a necrophage
   218 | D        | Noticed a necromancer
   220 | D        | Killed a necrophage
   220 | D        | Reached skill level 13 in Throwing
   220 | D        | Reached skill level 15 in Stealth
   221 | D        | Killed a necromancer
   221 | D        | Reached *** piety under Trog
   228 | D        | Noticed a jelly
   229 | D        | Noticed a shadow
   231 | D        | Killed a shadow
   231 | D        | Reached skill level 2 in Fighting
   231 | D        | Reached skill level 3 in Short Blades
   235 | D        | Killed a jelly
   240 | D        | Found a stormy altar of Qazlal.
   241 | D        | Found a sacrificial altar of Ru.
   241 | D        | Found a burning altar of Makhleb.
   241 | D        | Found a viscous altar of Jiyva.
   241 | D        | Found a shimmering altar of Xom.
   241 | D        | Found a shadowy altar of Dithmenos.
   241 | D        | Found a sparkling altar of Nemelex Xobeh.
   241 | D        | Found a corrupted altar of Lugonu.
   241 | D        | Found an opulent altar of Gozag.
   241 | D        | Noticed a spatial vortex
   279 | D        | Killed a white draconian scorcher
   309 | D        | Killed a white draconian scorcher
   336 | D        | Killed a yaktaur
   526 | D        | Noticed Erica
   529 | D        | Killed Erica
   529 | D        | Reached skill level 4 in Fighting
   529 | D        | Reached skill level 5 in Short Blades
   529 | D        | Reached skill level 14 in Throwing
   529 | D        | Reached skill level 16 in Stealth
   529 | D        | Reached XP level 8. HP: 39/42 MP: 9/9
   534 | D        | Noticed an earth elemental
   537 | D        | Killed an earth elemental
   542 | D        | Noticed a centaur
   542 | D        | Noticed a centaur warrior
   542 | D        | Noticed a centaur
   556 | D        | Killed a centaur warrior
   556 | D        | Reached **** piety under Trog
   556 | D        | Reached skill level 5 in Fighting
   556 | D        | Reached skill level 6 in Short Blades
   556 | D        | Reached skill level 15 in Throwing
   556 | D        | Reached XP level 9. HP: 5/47 MP: 10/10
   556 | D        | HP: 1/70 [centaur (4)]
   557 | D        | Slain by a centaur

Action                   |  1- 3 |  4- 6 |  7- 9 || total
-------------------------+-------+-------+-------++-------
Melee: Dagger            |    14 |     5 |    20 ||    39
 Fire: Blowgun           |     8 |     7 |       ||    15
Invok: Burn Spellbooks   |       |     1 |       ||     1
       Berserk           |       |       |     1 ||     1
Evoke: Wand              |       |       |     1 ||     1
  Use: Potion            |       |     2 |       ||     2
 Stab: Sleeping          |     4 |     5 |     6 ||    15
